[Event "Hungarian U20 Junior-ch Men 2024"]
[Site "Budapest"]
[Date "2024.03.15"]
[Round "5.1"]
[White "Kolimar, Kristof Pal"]
[Black "Karacsonyi, Gellert"]
[Result "1/2-1/2"]
[ECO "C15"]
[WhiteElo "2282"]
[BlackElo "2386"]
[Annotator "TA"]
[PlyCount "62"]
[EventDate "2024.03.10"]
[EventCountry "HUN"]
[SourceTitle "playchess.com"]
[Source "ChessBase"]
[SourceQuality "1"]
[TimeControl "40/5400+30:1800+30"]

1. e4 e6 2. d4 d5 3. Nc3 Bb4 4. Nge2 dxe4 5. a3 Be7 6. Nxe4 Nd7 7. Qd3 Ngf6 8. Nxf6+ Nxf6 9. Be3 b6 10. Rg1 {[%emt 0:10:44] Die Stellung ist ausgeglichen.} Bb7 11. g4 h6 12. O-O-O Qd7 13. Bg2 O-O-O 14. Bxb7+ Kxb7 15. f4 h5 16. g5 Ne8 17. f5 exf5 $15 18. g6 fxg6 19. Nf4 Bf6 (19... g5 20. Ng6 Nd6 21. Nxh8 (21. Bxg5 Bxg5+ 22. Rxg5 Rhe8 $14) 21... Rxh8 22. Bxg5 $11) 20. Nxg6 Rg8 21. Bg5 (21. Bf4 $11) 21... Qe6 22. d5 Qe4 23. Qxe4 fxe4 24. Nf4 h4 25. Ne6 Rd7 26. Rg4 Bxg5+ 27. Nxg5 Nf6 28. Rxh4 Re8 29. c4 Re5 30. Ne6 g5 {[%emt 0:00:02] [#]} (30... c6 $11 31. dxc6+ Kxc6 32. Rxd7 Nxd7 33. Nxg7 e3 34. Rh6+ Kb7) 31. Rh8 $1 $16 {[%emt 0:00:27] Weiß steht aktiver.} ({Bitte nicht} 31. Rh6 Ng4 32. Rh8 Ne3 $14 (32... e3 33. Re1 $11)) 31... Rh7 {[%emt 0:03:59] Gewichteter Fehlerwert: Weiß=0.10 (sehr präzise) /Schwarz=0.14 (sehr präzise) .  Fehler:       	Weiß=2     	Schwarz=1     Ungenau:       	Weiß=1     	Schwarz=1     OK:         	Weiß=11    	Schwarz=9     Bester:       	---       	Schwarz=1     Stark:        	Weiß=1     	---} 1/2-1/2

[Event "Hungarian U20 Junior-ch Men 2024"]
[Site "Budapest"]
[Date "2024.03.15"]
[Round "5.2"]
[White "Bodrogi, Bendeguz"]
[Black "Juhasz, Agoston"]
[Result "1/2-1/2"]
[ECO "A07"]
[WhiteElo "2316"]
[BlackElo "2406"]
[Annotator "TA"]
[PlyCount "127"]
[EventDate "2024.03.10"]
[EventCountry "HUN"]
[SourceTitle "playchess.com"]
[Source "ChessBase"]
[SourceQuality "1"]
[TimeControl "40/5400+30:1800+30"]

1. Nf3 d5 2. g3 c6 3. Bg2 Nf6 4. O-O Bg4 5. d4 Nbd7 6. c4 e6 7. h3 Bf5 8. Nc3 h6 9. Nd2 Nb6 10. b3 dxc4 11. Nxc4 Bb4 12. Bb2 Nbd5 13. Nb1 Be4 14. a3 Bxg2 15. Kxg2 Be7 16. Nbd2 O-O 17. e4 Nb6 18. Qe2 Ne8 19. Nf3 Nc7 20. Nfe5 Bf6 21. Rad1 Nxc4 22. Nxc4 Qd7 23. Rd3 Rad8 24. Rfd1 Be7 25. Ne3 Qe8 {[%emt 0:05:08] [#]} (25... f6 $14) 26. d5 $1 $16 cxd5 27. exd5 exd5 {[%emt 0:03:56] [#]} (27... Bc5 $16 {was worth a try.}) 28. Bxg7 $1 $18 Kxg7 29. Nf5+ (29. Nxd5 $2 Nxd5 (29... Bxa3 30. Qg4+ Kh8 31. Nxc7 $16) 30. Qg4+ Bg5 31. Rxd5 Qc6 32. Qd4+ Kg8 $19) 29... Kh7 30. Qxe7 (30. Nxe7 $18 f5 31. Re3) 30... Qc6 (30... Qxe7 $16 {was necessary.} 31. Nxe7 Rd7 32. Nxd5 Nxd5 33. Rxd5 Rc7) 31. Rd4 (31. Nd4 $18 Qd6 32. Re1) 31... Rde8 $16 32. Qd6 {[%emt 0:00:46] White has more active pieces.} (32. Qh4 $142) 32... Nb5 33. Qxc6 (33. Qxd5 Nxd4 34. Rxd4 Qxd5+ 35. Rxd5 Rd8 $17) 33... bxc6 34. Rh4 Re6 35. a4 $36 {[%emt 0:00:04][%mdl 2048] Black is under strong pressure.} Nc3 36. Rc1 Ne4 (36... Ne2 $16 {might work better.} 37. Rc2 Rd8) 37. Nd4 $18 Rf6 38. f3 (38. Rxc6 $6 Rxf2+ 39. Kg1 Rf6 $16) 38... c5 39. fxe4 cxd4 40. exd5 {[%emt 0:00:00][%mdl 4096] Endgame. KRR-KRR} Re8 {[%emt 0:00:00] Strongly threatening ...Re2+.} 41. Rf4 (41. Rxd4 Re2+ 42. Kg1 Rf3 $14) 41... Rxf4 42. gxf4 {[%emt 0:00:07] KR-KR} Re2+ 43. Kf3 Re3+ 44. Kg4 {[%emt 0:00:06] aiming for d6.} Kg7 45. Kf5 {[%emt 0:02:33] d6 would now be deadly.} Kf8 {[%emt 0:01:52][%cal Of8e7] [#]} 46. Rc4 $1 d3 47. h4 Ke7 48. Rd4 Kd6 49. b4 a5 $2 (49... h5 50. a5 Rg3) 50. bxa5 Kc5 {[%emt 0:00:09] [#]} 51. d6 $1 {[%emt 0:00:04] d7 would kill now.} Kxd4 {[%emt 0:00:23] KR-KP} 52. d7 d2 53. d8=Q+ {[%emt 0:00:04] KQ-KR} (53. d8=B {gets mated.} Re6 (53... d1=B $2 54. Bb6+ Kd3 55. Kf6 $19) 54. Bf6+ Kd5 (54... Rxf6+ 55. Kxf6 d1=Q 56. Kxf7 Qxa4 57. Ke7 Qxa5 58. Kf6 Ke4 59. Ke7 Qc5+ 60. Kf6 Qc6+ 61. Kf7 Kf5 62. Kg7 Qg6+ 63. Kh8 Kf6 64. h5 Qg7#) 55. Kg4 d1=Q+ (55... d1=B+ $2 56. Kg3 $19) 56. Kh3 Qf3+ (56... Rxf6 {leads to mate.} 57. Kg3 Rg6+ 58. Kf2 Qg1+ 59. Kf3 Qg2+ 60. Ke3 Rg3#) (56... Qh1+ $2 57. Kg3 Qg1+ 58. Kh3 Re3#) 57. Kh2 Re2+ 58. Kg1 Qg2#) 53... Kc3 54. a6 Rd3 55. Qa5+ $2 (55. Qc7+ $18 Kb2 56. a7 (56. Qxf7 $2 {loses.} d1=Q $19)) 55... Kc2 $1 $11 {[%emt 0:00:30] The position is equal.} 56. Qc5+ Rc3 57. Qf2 Kc1 $1 58. Qd4 Rc8 59. Qe3 {[%emt 0:00:35] Hoping for Kf6.} Kc2 60. Qe4+ Kc1 61. Qe3 {[%emt 0:01:18] Black must now prevent a7.} Kc2 62. Qe4+ Kc1 63. Qe3 {[%emt 0:00:52] Threatens to win with a7.} Kc2 64. Qe4+ {[%emt 0:00:12] Black escapes into a draw.   Weighted Error Value: White=0.29 (precise) /Black=0.21 (precise) .  Loses game:     	---       	Black=1      Mistake:       	White=3     	Black=4      Inaccurate:     	White=1     	Black=3      OK:         	White=20    	Black=20     Best:        	White=6     	Black=9      Strong:       	White=2     	Black=1} 1/2-1/2

[Event "Hungarian U20 Junior-ch Men 2024"]
[Site "Budapest"]
[Date "2024.03.15"]
[Round "5.3"]
[White "Palczert, Matyas"]
[Black "Pasztor, Balazs"]
[Result "1-0"]
[ECO "B53"]
[WhiteElo "2297"]
[BlackElo "2406"]
[Annotator "TA"]
[PlyCount "115"]
[EventDate "2024.03.10"]
[EventCountry "HUN"]
[SourceTitle "playchess.com"]
[Source "ChessBase"]
[SourceQuality "1"]
[TimeControl "40/5400+30:1800+30"]

1. e4 c5 2. Nf3 d6 3. d4 cxd4 4. Qxd4 Nc6 5. Qe3 g6 6. c4 {[%emt 0:02:36] B53: Sicilian: 2...d6: Lines with Qxd4.} Bg7 7. Be2 Qb6 8. Qd2 Bg4 9. Nc3 Nf6 10. O-O O-O 11. h3 $146 ({Predecessor:} 11. Rb1 a6 12. b3 Rac8 13. Bb2 Bxf3 14. Bxf3 Nd4 15. Qe3 e5 16. Ne2 Nd7 17. Rbd1 Nxe2+ 18. Qxe2 {0-1 Alexakis,G (2203)-Basso,P (2506) Chania Theodorakis Memorial 2nd 2023 (3)}) 11... Bxf3 12. Bxf3 Qd4 13. Qxd4 Nxd4 14. Bd1 Rfc8 15. b3 b5 16. e5 Nd7 (16... dxe5 {simplifies} 17. Nxb5 Nxb5 18. cxb5 e4) 17. Nxb5 Bxe5 18. Nxd4 Bxd4 19. Rb1 Rab8 20. Bg4 f5 21. Bf3 Nf6 22. Rd1 e5 (22... Rxc4 $2 23. Bg5 Bxf2+ (23... Rcb4 $2 24. a3 $18) 24. Kxf2 Rc2+ 25. Rd2 $18) 23. Bb2 Bxb2 24. Rxb2 Rb6 25. Rbd2 e4 26. Be2 Rcc6 27. Rd4 Kf7 28. f3 Ke6 29. fxe4 fxe4 30. Kf2 a5 31. Ke3 Rc5 32. g4 h6 33. Bf1 Ke5 34. Be2 d5 35. h4 dxc4 36. bxc4 Ke6 $1 37. Rd8 g5 38. h5 Rb2 39. Rh8 ({White should play} 39. R1d2 $1 $14 Rb1 40. Ra8) 39... Rxa2 (39... Ke5 $1 $11 {remains equal.} 40. Rf1 (40. Rxh6 $2 Rxc4 41. Rxf6 Rc3+ 42. Bd3 Kxf6 $19) 40... Nd5+ 41. cxd5 Rc3+ 42. Kf2 Rf3+ 43. Ke1 (43. Kg1 Rxe2 44. Rxf3 exf3 $19) 43... Rb1+ 44. Kd2 Rb2+ 45. Kd1 Rb1+ 46. Kd2 Rb2+ 47. Ke1 (47. Kd1 Rb1+ 48. Kd2 $11) 47... Rb1+ 48. Kd2) 40. Rxh6 $16 Ke5 $2 (40... Ra3+ $16 {was necessary.} 41. Kf2 (41. Kd4 Rc8 $11) 41... Ra2) 41. Rg6 $18 Ra3+ 42. Kf2 Ke6 $2 (42... Nxg4+ 43. Bxg4 Rxc4) 43. Rb1 $18 Rc6 44. Rxg5 a4 45. Rbb5 Rh3 46. Rg6 Rh2+ 47. Ke3 Rh3+ 48. Kf4 Ke7 49. g5 Nxh5+ 50. Bxh5 (50. Kxe4 $2 {perishes.} Ng3+ (50... Rxg6 $2 51. Kf5 $19) 51. Ke5 Rxg6 $19) 50... Rxg6 51. Bxg6 a3 52. Bxe4 Kf8 53. Ra5 Rc3 54. c5 Ke7 55. Ke5 Rg3 56. Ra7+ Kf8 57. Kf6 Ke8 58. Bf5 1-0

[Event "Hungarian U20 Junior-ch Men 2024"]
[Site "Budapest"]
[Date "2024.03.15"]
[Round "5.4"]
[White "Tancsa, Tamas"]
[Black "Szikszai, Bertalan"]
[Result "0-1"]
[ECO "B21"]
[WhiteElo "2273"]
[BlackElo "2312"]
[Annotator "TA"]
[PlyCount "60"]
[EventDate "2024.03.10"]
[EventCountry "HUN"]
[SourceTitle "playchess.com"]
[Source "ChessBase"]
[SourceQuality "1"]
[TimeControl "40/5400+30:1800+30"]

1. e4 c5 2. d4 cxd4 3. c3 dxc3 4. Nxc3 Nc6 5. Nf3 e6 6. Bf4 a6 7. Bd3 d6 8. a4 (8. O-O $11) 8... Be7 $17 {[%emt 0:03:17] Black is better.} 9. O-O e5 10. Be3 Nf6 11. a5 O-O 12. Bb6 Qe8 13. Bc4 h6 14. Qb3 Bd8 15. Rfd1 Bxb6 16. Qxb6 Bg4 17. Ra3 (17. Rxd6 $15 Bxf3 18. Rxf6 gxf6 19. Qe3) 17... Bxf3 18. gxf3 Qe7 19. Ne2 {[%emt 0:00:30] Inhibits Nd4.} Nh5 20. Bd5 (20. Kh1 $17) 20... Rac8 (20... Nd4 $19 21. Nxd4 (21. Qxb7 $2 {too greedy.} Nxe2+ 22. Kf1 Qh4 $19) 21... exd4) 21. Rc3 {[%emt 0:00:30] [#] White does not recover from this.} (21. Kh1 $17 {was necessary.}) 21... Nd4 $1 $19 22. Nxd4 exd4 23. Rxc8 $2 (23. Qxd4 Nf4 24. Kf1) 23... Rxc8 24. Qxb7 {[%emt 0:00:30] [#]} Rc7 25. Qa8+ ({But not} 25. Qxa6 Qg5+ 26. Kh1 Nf4 $19) (25. Qb4 $142 Nf4 26. Kf1) 25... Kh7 26. Kh1 Nf4 27. e5 Qxe5 (27... Qg5 $142 28. Be4+ g6 29. Bxg6+ fxg6 30. Qh8+ Kxh8 31. Rg1 Qxg1+ 32. Kxg1 Rc1#) 28. Be4+ f5 29. Bb1 Re7 {[%emt 0:00:30][%cal Oe5e1] ( -> ...Qe1+!)} 30. Qxa6 Qd5 {[%emt 0:00:30] Weighted Error Value: White=1.41/Black=0.48.  Mistake:       	White=6     	Black=1      Inaccurate:     	White=3     	---        OK:         	White=3     	Black=3      Best:        	---       	Black=3      Brilliant:      	---       	Black=1} 0-1

[Event "Hungarian U20 Junior-ch Men 2024"]
[Site "Budapest"]
[Date "2024.03.15"]
[Round "5.5"]
[White "Pasti, Aron"]
[Black "Gombocz, Ferenc Jr."]
[Result "1-0"]
[ECO "C84"]
[WhiteElo "2373"]
[BlackElo "2351"]
[Annotator "RC"]
[PlyCount "137"]
[EventDate "2024.03.10"]
[EventCountry "HUN"]
[SourceTitle "playchess.com"]
[Source "ChessBase"]
[SourceQuality "1"]
[TimeControl "40/5400+30:1800+30"]

1. e4 e5 2. Nf3 Nc6 3. Bb5 a6 4. Ba4 Nf6 5. O-O Be7 6. d4 exd4 7. e5 Ne4 8. Nxd4 Nxd4 9. Qxd4 Nc5 10. Bb3 Nxb3 11. cxb3 O-O 12. Bf4 d6 13. exd6 Bxd6 14. Bxd6 Qxd6 15. Qxd6 cxd6 16. Nc3 Be6 17. f4 f5 18. Rad1 Rad8 19. Rd2 Rd7 20. Re1 Bf7 21. Red1 Rfd8 22. Rd4 Be6 23. b4 b5 24. R4d2 Kf7 25. b3 Rc8 26. Ne2 Ke7 27. Nd4 Kf6 28. Re1 Bf7 29. Nf3 Be6 30. Ng5 Bg8 31. h3 g6 32. Kh2 h5 33. Kg3 Bf7 34. Kh4 Rc6 35. Nf3 Rdc7 36. Red1 d5 37. Ne1 Re7 38. Nf3 Re4 39. Kg3 Rc3 40. Rd3 h4+ 41. Nxh4 Rxd3+ 42. Rxd3 Rxb4 43. Nf3 Re4 44. Rc3 Be8 45. Rc8 a5 46. Ng5 Re7 47. Ra8 a4 48. Ra6+ Kg7 49. Re6 Kf8 50. Rxe7 Kxe7 51. b4 d4 52. Kf2 Kd6 53. Ke2 Bc6 54. Nf7+ Ke7 55. Ne5 Bxg2 56. Kd3 Bxh3 57. Nxg6+ Kd6 58. Kxd4 a3 59. Nh4 Bg4 60. Ng2 Bh5 61. Ne3 Bf7 62. Nc2 Bxa2 63. Nxa3 Kc6 64. Ke5 Bb3 65. Nb1 Bc2 66. Nc3 Bd3 67. Nd5 Kd7 68. Ne3 Kc6 69. Nxf5 1-0

[Event "Hungarian U20 Junior-ch Men 2024"]
[Site "Budapest"]
[Date "2024.03.16"]
[Round "6.1"]
[White "Karacsonyi, Gellert"]
[Black "Gombocz, Ferenc Jr."]
[Result "1/2-1/2"]
[ECO "C55"]
[WhiteElo "2386"]
[BlackElo "2351"]
[Annotator "TA"]
[PlyCount "52"]
[EventDate "2024.03.10"]
[EventCountry "HUN"]
[SourceTitle "playchess.com"]
[Source "ChessBase"]
[SourceQuality "1"]
[TimeControl "40/5400+30:1800+30"]

1. e4 e5 2. Nf3 Nc6 3. Bc4 Nf6 4. d3 Be7 5. O-O O-O 6. Nc3 d6 7. a4 Bg4 8. h3 Bh5 9. Nd5 Nxd5 10. Bxd5 Bxf3 11. Qxf3 Nd4 12. Qd1 c6 13. Ba2 Bg5 14. c3 {[%emt 0:08:40] Bxg5 is the strong threat.} Bxc1 15. Rxc1 Ne6 16. Qd2 Nf4 17. Kh2 Qg5 18. g3 {[%emt 0:00:05] [#]} Nxh3 19. Qe2 {[%emt 0:20:22] [#]} (19. Qxg5 Nxg5) 19... Nf4 20. gxf4 $11 {[%emt 0:00:10] The position is equal.} Qxf4+ 21. Kg2 (21. Kg1 $5 Qg5+ $8 22. Kh2 Qh4+ 23. Kg2 Qg5+ 24. Kh3 Qh6+ 25. Kg3 Qf4+ 26. Kh3 Qh6+ 27. Kg3 Qf4+ 28. Kg2 Qg5+ 29. Kf3 Qf6+ 30. Kg3 Qf4+ $11) 21... Qg5+ 22. Kh3 {[%emt 0:00:07] Threatens to win with Qe3.} Qh6+ 23. Kg3 Qf4+ 24. Kh3 {[%emt 0:00:05] Hoping for Qe3.} (24. Kg2 $5 Qg5+ $8 25. Kh3 Qh6+ 26. Kg3 Qf4+ 27. Kh3 Qh6+ $11) 24... Qh6+ 25. Kg3 {[%emt 0:00:07] Qg4 would now be deadly.} Qf4+ 26. Kh3 {[%emt 0:00:09] aiming for Qe3.} (26. Kg2 $5 Qg5+ $8 27. Kh1 Qh4+ 28. Kg2 Qg5+ $11) 26... Qh6+ {[%emt 0:00:04] Weighted Error Value: White=0.05 (flawless) /Black=0.07 (flawless) .  Mistake:       	---       	Black=1      Inaccurate:     	White=1     	Black=1      OK:         	White=4     	Black=11     Best:        	White=1     	Black=1      Brilliant:      	---       	Black=1} 1/2-1/2

[Event "Hungarian U20 Junior-ch Men 2024"]
[Site "Budapest"]
[Date "2024.03.16"]
[Round "6.2"]
[White "Szikszai, Bertalan"]
[Black "Pasti, Aron"]
[Result "0-1"]
[ECO "C55"]
[WhiteElo "2312"]
[BlackElo "2373"]
[Annotator "TA"]
[PlyCount "108"]
[EventDate "2024.03.10"]
[EventCountry "HUN"]
[SourceTitle "playchess.com"]
[Source "ChessBase"]
[SourceQuality "1"]
[TimeControl "40/5400+30:1800+30"]

1. e4 e5 2. Nf3 Nc6 3. Bc4 Nf6 4. d3 Be7 5. O-O O-O 6. c3 d5 7. exd5 Nxd5 8. a4 {[%emt 0:05:37] C55: Two Knights: 4 d3, 4 d4 exd4 5 e5 and Max Lange Attack.} Nb6 $146 ({Predecessor:} 8... Bg4 9. h3 Bh5 10. Re1 a6 11. a5 Kh8 12. Nbd2 f6 13. Ne4 Qd7 14. Nxe5 Nxe5 15. Qxh5 {1-0 Afanasiev,N (2562)-Shuvalova,P (2498) Ekaterinburg Scerbin Memorial rapid 2023 (9)}) 9. Bb5 Nd7 10. a5 f5 11. Nbd2 Bf6 12. Re1 a6 13. Bc4+ Kh8 14. Nf1 Re8 15. Ng3 g6 16. Bh6 Nf8 17. Qa4 Be6 18. Rad1 Bxc4 19. dxc4 (19. Qxc4 $11 {keeps the balance.} Nxa5 20. Qa2) 19... Qe7 20. Nd4 $1 Nb8 (20... Nd8 $15) 21. Nc2 ({White should try} 21. Qb3 $14) 21... Ne6 $15 22. Qb4 c5 23. Qa4 Qf7 24. Rd5 Nc6 25. Red1 Rad8 26. Bc1 e4 27. Ne3 Ne5 28. Rxd8 Rxd8 29. Nd5 Nd3 30. Qb3 Be5 31. Qb6 {[%emt 0:00:44] [#]} ({White should play} 31. Qc2 $15) 31... Rd6 (31... h5 $1 $17 {White must now prevent ...h4.} 32. Nf1 Rd6) 32. Qb3 $1 $15 Qd7 33. Rf1 (33. Bh6 $11 {remains equal.}) 33... Qc6 34. Bh6 {[%emt 0:00:50] [#]} (34. Ne7 $17 Qd7 35. Nd5) 34... Nc7 (34... Bf4 $1 $19 35. Nxf4 Ndxf4 (35... Nexf4 36. Qc2 $17)) 35. Nxc7 $2 (35. f3 $17 {was called for.} exf3 36. Rxf3 Nxd5 37. Rxd3) 35... Qxc7 $19 36. f3 (36. Rd1 {was worth a try.}) 36... e3 $19 (36... Qxa5 37. Qxb7 Qd8 38. fxe4 $11) 37. Qa4 (37. f4 {keeps fighting.} Bf6 38. Ne2) 37... Rd8 (37... Nxb2 38. Qe8#) (37... Qe7 $142 {aiming for ...Bxg3.} 38. Ne2 f4 (38... Nxb2 $2 39. Bg5 $19)) 38. Bg5 $2 (38. Qc2 {was forced.} Bf4 (38... Qxa5 39. Bg5 $15) 39. Rd1) 38... Bxg3 $19 (38... Nxb2 39. Bxd8 Qxd8 40. Qa3 $11 (40. Qb3 Nd3 $11)) 39. Bf6+ (39. hxg3 $142 e2 (39... Nxb2 40. Qb3 $11) 40. Bxd8 Qxd8 (40... exf1=R+ $2 41. Kxf1 Qxd8 42. Qd1 $19) 41. Qc2 exf1=N (41... exf1=Q+ $2 42. Kxf1 Ne5 43. Kg1 $19) 42. Kxf1) 39... Kg8 $19 40. hxg3 e2 (40... Nxb2 41. Bxd8 Qxd8 42. Qb3 $11) 41. Bxd8 Qxd8 (41... exf1=Q+ $142 42. Kxf1 Qe5 (42... Qxd8 $2 43. Qd1 $19)) 42. Qc2 $19 exf1=Q+ 43. Kxf1 Ne5 44. Kg1 Qxa5 45. Qd2 Nf7 ({Weaker is} 45... Nxc4 46. Qd5+ Kg7 47. Qxc4 $15) 46. Kh2 Qd8 47. Qe3 b6 48. Qe6 a5 49. b3 Qd6 50. Qe8+ Kg7 51. Qe3 h5 52. Kh3 Qe5 53. Qd3 Ng5+ 54. Kh2 f4 0-1

[Event "Hungarian U20 Junior-ch Men 2024"]
[Site "Budapest"]
[Date "2024.03.16"]
[Round "6.3"]
[White "Pasztor, Balazs"]
[Black "Tancsa, Tamas"]
[Result "1-0"]
[ECO "C80"]
[WhiteElo "2406"]
[BlackElo "2273"]
[Annotator "TA"]
[PlyCount "51"]
[EventDate "2024.03.10"]
[EventCountry "HUN"]
[SourceTitle "playchess.com"]
[Source "ChessBase"]
[SourceQuality "1"]
[TimeControl "40/5400+30:1800+30"]

1. e4 e5 2. Nf3 Nc6 3. Bb5 a6 4. Ba4 Nf6 5. O-O Nxe4 6. d4 d5 (6... b5 $11 {hält das Gleichgewicht.}) 7. dxe5 (7. Nxe5 $16 Bd7 8. Nxf7 Kxf7 9. Qh5+ g6 10. Qxd5+ Kg7 11. Qxe4) 7... Bc5 8. Nbd2 O-O 9. c3 {[%emt 0:03:44] Die Stellung ist ausgeglichen.} (9. Nxe4 {vereinfacht} dxe4 10. Qxd8 Rxd8 11. Ng5) 9... Nxf2 (9... Bg4 $142 10. Bxc6 Nxd2 11. Qxd2 bxc6) 10. Rxf2 $11 f6 {[%emt 0:01:01] [#]} 11. Bxc6 $1 bxc6 {[%emt 0:06:54] [#]} 12. e6 {[%emt 0:01:52] Schwarz muss nun Nd4 beachten.} Bxf2+ 13. Kxf2 Bxe6 14. Nb3 Re8 {[%emt 0:03:36] Schwarz hat schwache schwarze Felder} 15. Bf4 {[%emt 0:04:31][%cal Bc1f4,Bf4g3,Bg3f2,Bf2d4][%mdl 1056] Weiss hat Kompensation.} Bf7 16. Nc5 g5 {[%emt 0:16:45][%cal Od8e7] Und ...Qe7! würde nun gewinnen.} 17. Bg3 f5 ({Vorzuziehen ist} 17... Bh5 $14) 18. Kg1 $16 {[%emt 0:01:46] Weiß steht deutlich aktiver.} f4 19. Bf2 Qf6 20. Bd4 Qf5 21. Qd3 (21. Qa4 $18 Rab8 22. b3 (22. Nxa6 Rxb2 23. Kh1 Rxg2 $19)) 21... Re4 $2 {[%emt 0:06:06] Das kostet Schwarz die Partie.} 22. Nd2 $18 {[%emt 0:00:33] Ein dynamisches Springerpaar.} Rae8 23. Ndxe4 (23. Qxa6 Re2 24. Ncb3 c5 $19) 23... dxe4 24. Qxa6 e3 25. Qxc6 {[%emt 0:01:30][%cal Oc5d7] Droht Nd7! und aus.} g4 $2 (25... Re7 26. Qf6 Qxf6 27. Bxf6 Re8) 26. Qh6 {[%emt 0:00:43] Gewichteter Fehlerwert: Weiß=0.12 (sehr präzise) /Schwarz=0.40.  Verlustzug:     	---       	Schwarz=1     Fehler:       	Weiß=1     	Schwarz=3     Ungenau:       	Weiß=1     	---        OK:         	Weiß=8     	Schwarz=4     Bester:       	Weiß=2     	---} 1-0

[Event "Hungarian U20 Junior-ch Men 2024"]
[Site "Budapest"]
[Date "2024.03.16"]
[Round "6.4"]
[White "Juhasz, Agoston"]
[Black "Palczert, Matyas"]
[Result "1/2-1/2"]
[ECO "B12"]
[WhiteElo "2406"]
[BlackElo "2297"]
[Annotator "RC"]
[PlyCount "158"]
[EventDate "2024.03.10"]
[EventCountry "HUN"]
[SourceTitle "playchess.com"]
[Source "ChessBase"]
[SourceQuality "1"]
[TimeControl "40/5400+30:1800+30"]

1. e4 c6 2. d4 d5 3. e5 Bf5 4. Nf3 e6 5. Be2 c5 6. c3 Nc6 7. O-O cxd4 8. Nxd4 Nge7 9. Bb5 Qd7 10. Nd2 Bg6 11. N2b3 a6 12. Bxc6 Nxc6 13. Nxc6 Qxc6 14. Bg5 h6 15. Bh4 Qc4 16. Bg3 Be7 17. Nd4 O-O 18. Qb3 b5 19. Bf4 Rfc8 20. Be3 Rab8 21. Qd1 b4 22. cxb4 Qxb4 23. b3 Qa3 24. Bc1 Qa5 25. Bd2 Bb4 26. Bxb4 Qxb4 27. a3 Qa5 28. b4 Qb6 29. Qd2 Rc4 30. Nb3 Rbc8 31. Nc5 a5 32. Rfc1 Rxc1+ 33. Rxc1 axb4 34. Qxb4 Qxb4 35. axb4 h5 36. Rd1 Ra8 37. h3 Ra2 38. Rd4 Rb2 39. f3 Kf8 40. Kh2 Ke7 41. Kg3 f6 42. f4 fxe5 43. fxe5 Be8 44. Nb7 Bb5 45. Kf3 Bc4 46. Nd6 Rxb4 47. Kf4 Rb2 48. g4 hxg4 49. hxg4 Bb5 50. Kg5 Be8 51. Nxe8 Kxe8 52. Kg6 Re2 53. Ra4 Rxe5 54. Kxg7 Re4 55. Ra8+ Ke7 56. g5 d4 57. g6 d3 58. Ra7+ Kd6 59. Ra1 Rg4 60. Kf6 Rg2 61. Rd1 Rf2+ 62. Kg5 d2 63. g7 Rg2+ 64. Kf4 Rxg7 65. Rxd2+ Ke7 66. Ke5 Rg1 67. Re2 Rg5+ 68. Kf4 Ra5 69. Rb2 Kf6 70. Rb4 Rh5 71. Ke3 Rh3+ 72. Ke2 Kf5 73. Rb5+ e5 74. Rb4 Rh6 75. Ke3 Ra6 76. Rc4 Ra3+ 77. Ke2 Ke6 78. Rb4 Kd5 79. Rh4 Ra2+ 1/2-1/2

[Event "Hungarian U20 Junior-ch Men 2024"]
[Site "Budapest"]
[Date "2024.03.16"]
[Round "6.5"]
[White "Kolimar, Kristof Pal"]
[Black "Bodrogi, Bendeguz"]
[Result "1-0"]
[ECO "D02"]
[WhiteElo "2282"]
[BlackElo "2316"]
[Annotator "TA"]
[PlyCount "99"]
[EventDate "2024.03.10"]
[EventCountry "HUN"]
[SourceTitle "playchess.com"]
[Source "ChessBase"]
[SourceQuality "1"]
[TimeControl "40/5400+30:1800+30"]

1. d4 d5 2. Nf3 e6 3. c4 a6 4. Bg5 Be7 5. Bxe7 Nxe7 6. Nbd2 O-O 7. g3 b6 8. Bg2 {[%emt 0:01:45] White is slightly better.} Bb7 9. cxd5 Nxd5 10. O-O Nd7 11. Rc1 Rc8 12. Nc4 N7f6 13. Nfe5 Ba8 14. Qb3 c5 15. dxc5 (15. e4 $5 b5 16. exd5 bxc4 17. Qxc4 Bxd5 18. Bxd5 (18. Qxa6 Bxg2 19. Kxg2 Qxd4 $17) 18... exd5 19. Qxa6 $14) 15... Rxc5 16. Nd3 Rc8 17. Qa3 b5 {[%emt 0:05:07] [#]} 18. Nce5 Rxc1 (18... Qb6 $14) 19. Rxc1 $16 Bb7 20. Qc5 {[%emt 0:09:18] White has more active pieces.} Qa8 21. Qd4 Rc8 22. Rxc8+ Qxc8 23. Nc5 h6 (23... Ba8 $16 {was worth a try.}) 24. e4 $18 {[%emt 0:08:21][%cal Oc5b7] Nxb7! is the strong threat.} Ne7 25. Nxb7 Qxb7 26. Qd8+ Kh7 27. Nxf7 Ng6 {[%emt 0:00:50] [#] Against Qh8+} 28. e5 $1 $36 {[%emt 0:07:07][%mdl 2048] White is in control.} Qxf7 29. exf6 gxf6 {[%emt 0:00:05][%mdl 4096] Endgame. KQB-KQN} 30. b4 Ne5 31. Qd6 Kg6 32. Be4+ Kg7 33. Qxa6 f5 $2 {[%emt 0:00:02] This move loses the game for Black.} (33... Qd7 $16 34. Qb6 Qd2) 34. Qxb5 Kf6 35. Bg2 Qa7 36. Qe2 ({Weaker is} 36. a4 Ng4 37. Qc5 Qxa4 $18) 36... Qd4 {[%emt 0:00:33] Against Qb2} 37. b5 Qa1+ 38. Bf1 Qd4 39. Qe3 Qd5 40. Be2 {[%emt 0:00:00] Inhibits Nf3+.} Qxa2 41. Qxh6+ Ke7 42. Qe3 Nd7 43. h4 e5 44. h5 Kd8 45. h6 f4 46. Qe4 {[%emt 0:01:04] Intending h7 and mate.} fxg3 47. h7 {[%emt 0:01:17] White mates.} gxf2+ 48. Kxf2 Qf7+ 49. Bf3 Qf6 {[%emt 0:00:28] [#]} 50. h8=Q+ $1 {[%emt 0:00:06][%mdl 512] Weighted Error Value: White=0.09 (flawless) /Black=0.31.  Loses game:     	---       	Black=1      Mistake:       	---       	Black=2      Inaccurate:     	---       	Black=2      OK:         	White=18    	Black=15     Best:        	White=3     	Black=3      Strong:       	White=1     	---} 1-0